 Dungeon Crawl Stone Soup version 0.31-a0-149-g3fdcc5976a (webtiles) character file.

Game seed: 17198563278428465623

20 comborobin the Sneak (level 2, -3/27 HPs)
             Began as a Deep Elf Delver on June 7, 2023.
             Was an Initiate of Okawaru.
             Slain by a black bear (4 damage)
             ... on level 3 of the Dungeon.
             The game lasted 00:02:20 (330 turns).

comborobin the Sneak (Deep Elf Delver)               Turns: 330, Time: 00:02:21

Health: -3/27      AC: 21    Str:  9    XL:     2   Next: 58%
Magic:  4/4        EV:  2    Int: 14    God:    Okawaru [......]
Gold:   0          SH:  0    Dex: 16    Spells: 1/1 levels left

rFire   . . .        (no weapon)
rCold   . . .        (no shield)
rNeg    . . .        b - melded +0 leather armour
rPois   +            (helmet currently unavailable)
rElec   .            (cloak currently unavailable)
rCorr   .            (gloves currently unavailable)
SInv    .            (boots currently unavailable)
Will    .....        (no amulet)
Stlth   +++          (no ring)
HPRegen 0.24/turn    (no ring)
MPRegen 0.09/turn

%: no passive effects
@: tree-form
A: stationary, stasis, torment immunity, boosted hp
a: Renounce Religion


You were on level 3 of the Dungeon.
You worshipped Okawaru.
Okawaru was noncommittal.
You were a tree.
You visited 2 branches of the dungeon, and saw 5 of its levels.

Inventory:

Hand Weapons
 a - a +0 short sword
Armour
 b - a +0 leather armour (melded)
Scrolls
 c - a scroll of fog
 d - a scroll of magic mapping
Potions
 h - a potion of lignification


   Skills:
 + Level 2.6 Fighting
 + Level 2.3 Short Blades
 + Level 2.9 Dodging
 + Level 6.2 Stealth


You had one spell level left.
You didn't know any spells.
Your spell library was empty.

Dungeon Overview and Level Annotations

Branches:
Dungeon (6/15)             Temple (1/1) D:5

Altars:
Gozag
Kikubaaqudgha
Okawaru
Ru
Vehumet

Annotations:
D:4 Eustachio, Grinder, Ijyb, Robin


Message History

You cannot move.
You cannot move.
You cannot move.
You cannot move.
You smack the black bear!
The black bear is heavily wounded.
The black bear bites you but does no damage.
The black bear claws you but does no damage.
The black bear claws you.
You hit the black bear.
The black bear is severely wounded.
The black bear bites you but does no damage.
The black bear claws you but does no damage. x2
You hit the black bear.
The black bear is severely wounded.
The black bear goes berserk!
You hit the black bear.
The black bear is almost dead.
The black bear bites you!
* * * LOW HITPOINT WARNING * * *
The black bear barely misses you.
The black bear claws you but does no damage.
The black bear bites you but does no damage.
The black bear claws you but does no damage. x2
You hit the black bear.
The black bear is almost dead.
The black bear bites you but does no damage.
The black bear claws you but does no damage.
The black bear claws you.
* * * LOW HITPOINT WARNING * * *
Unknown command.
You hit the black bear.
The black bear is almost dead.
The black bear bites you but does no damage.
The black bear claws you.
* * * LOW HITPOINT WARNING * * *
The black bear claws you but does no damage.
The black bear bites you but does no damage.
The black bear claws you.
You die...

...########
#..h.K...##
#)#######.##
#.## ##.## #..#
##.## ##.###
##.##
#...########.##
###.........#h##
#K##+####.##♣#
#)##.# #. ###
#.##.# ##
#K##.##
####K#...####
#.+÷÷....÷..+
#.####K..####
#..# ##.## #.##
#÷#


You could see a black bear (berserk).

Vanquished Creatures
  An adder (D:3)
  A bat (D:3)
  A goblin (D:3)
  A ball python (D:3)
  6 kobolds (D:3)
10 creatures vanquished.

Notes
Turn   | Place    | Note
-------+----------+-------------------------------------------
     0 | D:5      | comborobin the Deep Elf Delver began the quest for the Orb.
     0 | D:5      | Reached XP level 1. HP: 13/13 MP: 3/3
     1 | D:6      | Noticed a killer bee
     1 | D:6      | Noticed a sleepcap
     5 | D:5      | Found a staircase to the Ecumenical Temple.
     5 | D:5      | Noticed an iguana
    17 | Temple   | Entered the Ecumenical Temple
    34 | Temple   | Became a worshipper of Warmaster Okawaru
    50 | D:5      | Noticed a black bear
    52 | D:5      | Noticed an ogre
    52 | D:5      | Noticed a hound
    72 | D:5      | Noticed a phantom
   102 | D:4      | Noticed a hound
   131 | D:3      | Reached XP level 2. HP: 16/18 MP: 4/4
   164 | D:3      | Noticed a black bear
   190 | D:4      | Noticed Grinder
   197 | D:4      | Noticed Robin
   203 | D:4      | Noticed Ijyb
   209 | D:5      | Noticed an ogre
   209 | D:5      | Noticed a water moccasin
   218 | D:4      | Noticed Eustachio
   218 | D:4      | Noticed an ogre
   257 | D:3      | Found the +7 Throatcutter {drain, coup de grace}
   266 | D:3      | Noticed a scorpion
   330 | D:3      | HP: 1/27 [black bear (6)]
   330 | D:3      | Slain by a black bear

Illustrated notes

Levels and vault maps discovered:
D:3:      layout_rooms, dancing_weapons_uskayaw, roderic_batcave,
          dilly_guarded_unrand_throatcut
D:4:      layout_cave_pools, nicolae_yredelemnul_ghost_church, uniq_eustachio,
          uniq_robin, uniq_ijyb, uniq_grinder
D:5:      layout_cave_pools, minmay_temple_entry_crystal_x, serial_column_ruins,
          column_ruins_hut, column_ruins_square_large, column_ruins_open_small,
          column_ruins_open_medium, column_ruins_grid_1,
          column_ruins_columns_straight
D:6:      layout_cave_pools
Temple:   nicolae_temple_hex_pool

Action                     || total
---------------------------++-------
  Melee: Short sword       ||    41
         Unarmed           ||    11
  Evoke: Wand              ||     3
    Use: Potion            ||     6
         Scroll            ||     2
   Stab: Sleeping          ||     1
 Armour: Leather armour    ||    10
         Skin              ||    17
  Dodge: Dodged            ||    38

Table legend: (Time is in decaauts)
 A = Elapsed time spent in this place.
 B = Non-inter-level travel time spent in this place.
 C = Inter-level travel time spent in this place.
 D = Time resting spent in this place.
 E = Time spent auto-exploring this place.
 F = Levels seen in this place.
 G = Mean time per level.
                   A        B        C        D        E       F      G
               +--------+--------+--------+--------+--------+-----+--------+
         Total |    257 |    247 |     10 |      4 |     22 |   5 |   51.4 |
       Dungeon |    228 |    228 |      0 |      4 |     12 |   4 |   57.0 |
        Temple |     28 |     18 |     10 |      0 |     10 |   1 |   28.0 |
               +--------+--------+--------+--------+--------+-----+--------+

Top non-repeatable levels by time:
     D:3: 110 daAuts
     D:5: 62 daAuts
     D:4: 53 daAuts
  Temple: 28 daAuts
     D:6: 1 daAuts
